 Dungeon Crawl Stone Soup version 0.31-a0-188-g5e087ee2ca (webtiles) character file.

Game seed: 11332098658863847845

333 qw the Skirmisher (level 6, -1/35 HPs)
             Began as a Deep Elf Hunter on June 22, 2023.
             Succumbed to a water moccasin's poison
             ... on level 5 of the Dungeon.
             The game lasted 00:01:12 (3054 turns).

qw the Skirmisher (Deep Elf Hunter)                 Turns: 3054, Time: 00:01:13

Health: -1/35      AC:  5    Str: 10    XL:     6   Next: 27%
Magic:  8/8        EV: 13    Int: 14    God:
Gold:   244        SH:  0    Dex: 18    Spells: 5/5 levels left

rFire   . . .        j - +0 shortbow (heavy)
rCold   + . .        (shield currently unavailable)
rNeg    . . .        b - +2 robe "Sute" {Slay+3}
rPois   .            (no helmet)
rElec   .            (no cloak)
rCorr   .            (no gloves)
SInv    .            g - +0 pair of boots
Will    .....        (no amulet)
Stlth   ++           a - ring of protection from cold
HPRegen 0.25/turn    (no ring)
MPRegen 0.11/turn

%: no passive effects
@: lethally poisoned (-1 -> -14)
A: no striking features
a: no special abilities


You were on level 5 of the Dungeon.
You visited 1 branch of the dungeon, and saw 5 of its levels.

You collected 244 gold pieces.


   Skills:
 - Level 2.1 Fighting
 + Level 9.5 Ranged Weapons
 - Level 3.1 Dodging
 - Level 1.2 Stealth


You had 5 spell levels left.
You didn't know any spells.
Your spell library was empty.

Inventory:

Hand Weapons
 j - a +0 heavy shortbow (weapon)
Armour
 b - the +2 robe "Sute" (worn) {Slay+3}
   (You found it on level 4 of the Dungeon)

   Slay:      It affects your accuracy & damage with ranged weapons and melee
   (+3).
 g - a +0 pair of boots (worn)
Jewellery
 a - a ring of protection from cold (left hand)
Scrolls
 f - a scroll of identify
Potions
 c - a potion of curing
 d - a potion of heal wounds {unknown}
 h - a potion of attraction {unknown}

Dungeon Overview and Level Annotations

Branches:
Dungeon (5/15)
 Temple: D:4-7

Altars:
Trog


Message History

The orc barely misses you.
You shoot an arrow. The arrow hits the orc.
The orc is heavily wounded.
The orc hits you with a +0 hand axe.
You shoot an arrow. The arrow hits the orc!
You kill the orc!
You feel a little less clever now.
You start resting.
A hound comes into view.
The hound moves out of view.
You start resting.
HP restored.
A water moccasin comes into view.
You shoot an arrow.
The arrow barely misses the water moccasin.
The water moccasin hisses angrily.
You shoot an arrow. The arrow hits the water moccasin.
The water moccasin is lightly wounded.
The water moccasin bites you.
You shoot an arrow. The arrow hits the water moccasin!
The water moccasin is moderately wounded.
The water moccasin bites you but does no damage.
The water moccasin bites you.
You are poisoned.
The water moccasin poisons you!
You shoot an arrow. The arrow hits the water moccasin!
The water moccasin is severely wounded.
You feel very sick. The water moccasin barely misses you.
The water moccasin closely misses you.
You shoot an arrow. The arrow hits the water moccasin.
The water moccasin is almost dead.
You feel sick. The water moccasin bites you.
You are lethally poisoned!
The water moccasin poisons you! The water moccasin bites you.
You shoot an arrow. The arrow misses the water moccasin.
You feel very sick. The water moccasin bites you. x2
You shoot an arrow. The arrow hits the water moccasin.
You kill the water moccasin!
You die...

### ... ####)##
.......### #..)..# .
###@.###### .
#.......... #<
#.......### ##.###
#######.......... ......
..............###
#)..#########..#######
#......##...........
####.........#[.......
###....#######..........


There were no monsters in sight!

Vanquished Creatures
  A water moccasin (D:5)
  2 orc priests (D:4)
  A hound (D:4)
  An iguana (D:4)
  An orc wizard (D:4)
  3 gnolls (D:4)
  6 adders
  A worm (D:2)
  A dart slug (D:1)
  24 orcs
  10 ball pythons
  8 bats
  3 endoplasms
  3 giant cockroaches
  3 goblins
  5 hobgoblins
  2 jackals (D:1)
  2 quokkas (D:2)
  3 frilled lizards
  4 kobolds
  6 rats
90 creatures vanquished.

Notes
Turn   | Place    | Note
-------+----------+-------------------------------------------
     0 | D:1      | qw the Deep Elf Hunter began the quest for the Orb.
     0 | D:1      | Reached XP level 1. HP: 12/12 MP: 3/3
     0 | D:1      | 0 ||| qw: Version: 0.3-a-9-g12657ce
     0 | D:1      | 0 ||| qw: Game counter: 2733
     0 | D:1      | 0 ||| qw: Always use a shield: true
     0 | D:1      | 0 ||| qw: God list: Okawaru
     0 | D:1      | 0 ||| qw: Allow faded altars: false
     0 | D:1      | 0 ||| qw: Do Orc after D:15 true
     0 | D:1      | 0 ||| qw: Do second Lair branch before Depths: true
     0 | D:1      | 0 ||| qw: Lair rune preference: random
     0 | D:1      | 0 ||| qw: Plans: Normal
     0 | D:1      | 0 ||| PLANNING D:1-11
    87 | D:1      | Reached XP level 2. HP: 15/16 MP: 4/4
    89 | D:1      | Reached skill level 6 in Ranged Weapons
   419 | D:1      | Reached XP level 3. HP: 20/20 MP: 5/5
   507 | D:1      | 507 ||| UPGRADING to +0 scale mail.
   517 | D:1      | 517 ||| DROPPING +0 leather armour.
   518 | D:1      | 518 ||| READING scroll labelled RAXKANOITA.
   519 | D:1      | 519 ||| READING 2 scrolls labelled SUASIM BEIF.
   520 | D:1      | 520 ||| READING scroll labelled UVANAI SUWUO.
   525 | D:1      | 525 ||| READING scroll labelled SEAVAO ICAUDDARO.
   526 | D:1      | 526 ||| READING scroll labelled OKEAGU BETESE.
   527 | D:1      | 527 ||| DROPPING scroll of butterflies.
   582 | D:2      | 582 ||| FLEEEEING.
   583 | D:2      | 583 ||| FLEEEEING.
   712 | D:2      | Reached skill level 7 in Ranged Weapons
  1029 | D:2      | Found a faded altar of an unknown god.
  1225 | D:2      | 1225 ||| UPGRADING to +0 pair of boots.
  1230 | D:2      | 1230 ||| READING scroll labelled AMOUJOI ROIMN.
  1231 | D:2      | 1231 ||| DRINKING 4 bubbling ruby potions.
  1261 | D:2      | 1261 ||| DROPPING 3 potions of lignification.
  1312 | D:3      | Reached XP level 4. HP: 25/25 MP: 6/6
  1332 | D:3      | Found a bloodstained altar of Trog.
  2052 | D:3      | Reached skill level 8 in Ranged Weapons
  2147 | D:3      | 2147 ||| UPGRADING to +3 leather armour.
  2157 | D:3      | 2157 ||| DROPPING +0 scale mail.
  2158 | D:3      | 2158 ||| READING scroll labelled XUESETT DOPO.
  2159 | D:3      | 2159 ||| READING scroll labelled WONIAZXESU.
  2160 | D:3      | 2160 ||| DRINKING 2 fuming amethyst potions.
  2161 | D:3      | 2161 ||| DRINKING 2 clear potions.
  2162 | D:3      | 2162 ||| DRINKING 3 murky green potions.
  2163 | D:3      | 2163 ||| DROPPING potion of magic.
  2164 | D:3      | 2164 ||| DROPPING 2 potions of invisibility.
  2278 | D:4      | Reached XP level 5. HP: 29/29 MP: 7/7
  2343 | D:4      | Identified the +2 robe "Sute" {Slay+3}
  2398 | D:4      | Paralysed by an orc wizard for 2 turns
  2408 | D:4      | Reached skill level 9 in Ranged Weapons
  2434 | D:4      | Reached skill level 3 in Dodging
  2434 | D:4      | 2434 ||| FLEEEEING.
  2435 | D:4      | 2435 ||| FLEEEEING.
  2436 | D:4      | 2436 ||| FLEEEEING.
  2540 | D:4      | Reached XP level 6. HP: 35/35 MP: 8/8
  2564 | D:4      | HP: 6/35 [gnoll/+0 spear (5)]
  2952 | D:4      | 2952 ||| UPGRADING to +2 robe "Sute" {Slay+3}.
  2962 | D:4      | 2962 ||| DROPPING +3 leather armour.
  2963 | D:4      | 2963 ||| UPGRADING to ring of protection from cold.
  2964 | D:4      | 2964 ||| DRINKING 3 yellow potions.
  2965 | D:4      | 2965 ||| READING 2 scrolls of identify.
  2965 | D:4      | 2965 ||| IDENTIFYING bubbling brown potion
  2966 | D:4      | 2966 ||| DROPPING 2 potions of brilliance.
  2967 | D:4      | 2967 ||| DROPPING potion of degeneration.
  2999 | D:5      | Entered Level 5 of the Dungeon
  3047 | D:5      | Noticed a water moccasin
  3053 | D:5      | HP: 8/35 [poisoned by a water moccasin]
  3053 | D:5      | HP: 3/35 [water moccasin (2)]
  3054 | D:5      | Killed a water moccasin
  3054 | D:5      | Succumbed to a water moccasin's poison

Levels and vault maps discovered:
D:1:      spicycebolla_green_bress_n_ham, layout_rooms, minmay_vboxes
D:2:      layout_loops_ring, shapermc_ecumenical_altar_mp_urbaneastern
D:3:      layout_basic, lemuel_crystal_altar
D:4:      layout_basic
D:5:      layout_rooms, lemuel_crystal_altar, temple_fountains, uniq_duvessa,
          uniq_pikel, uniq_eustachio

Skill      XL: |  1  2  3  4  5 |
---------------+----------------+-----
Ranged Weapons | 6 7 8 9 |  9.5
Dodging        | 3 |  3.1
Fighting       | 2 |  2.1
Stealth        | |  1.2

Action                     |  1- 3 |  4- 6 || total
---------------------------+-------+-------++-------
   Fire: Shortbow          |   122 |   124 ||   246
    Use: Scroll            |     6 |     3 ||     9
         Potion            |     1 |     4 ||     5
 Armour: Leather armour    |     4 |     5 ||     9
         Scale mail        |    13 |    21 ||    34
         Robe              |       |     1 ||     1
  Dodge: Dodged            |    36 |    41 ||    77

Table legend:
 A = Non-vault XP
 B = Vault XP
 C = Vault XP percentage of total XP
 D = Non-vault monster count
 E = Vault monster count
 F = Vault count percentage of total count
                 A         B        C        D         E       F
            +---------+---------+-------+---------+---------+-------
      Total |     616 |      12 |   1.9 |      84 |       6 |   6.7
            +---------+---------+-------+---------+---------+-------
        D:1 |      33 |      12 |  26.7 |      18 |       6 |  25.0
        D:2 |      51 |       0 |   0.0 |      17 |       0 |   0.0
        D:3 |      54 |       0 |   0.0 |      16 |       0 |   0.0
        D:4 |     302 |       0 |   0.0 |      27 |       0 |   0.0
        D:5 |     176 |       0 |   0.0 |       6 |       0 |   0.0
            +---------+---------+-------+---------+---------+-------
